 Dungeon Crawl Stone Soup version 0.19.5 (webtiles) character file.

1430 valenzione the Carver (level 8, -4/70 HPs)
             Began as a Minotaur Fighter on Apr 21, 2017.
             Slain by an ogre
             ... wielding a +0 giant spiked club
              (21 damage)
             ... on level 6 of the Dungeon.
             The game lasted 00:08:18 (4830 turns).

valenzione the Carver (Minotaur Fighter)            Turns: 4830, Time: 00:08:19

Health: -4/70      AC: 10    Str: 22    XL:     8   Next: 44%
Magic:  7/7        EV:  8    Int:  5    God:
Gold:   328        SH: 10    Dex: 11    Spells: 0 memorised, 7 levels left

rFire  + . .     SeeInvis .     a - +0 long sword
rCold  x . .     Gourm    .     b - +0 scale mail
rNeg   . . .     Faith    .     c - +0 shield
rPois  .         Spirit   .     (helmet restricted)
rElec  .         Reflect  .     s - +0 cloak
rCorr  .         Harm     .     (no gloves)
MR     .....                    n - +0 pair of boots
Stlth  ..........               e - amulet of magic regeneration
                                (no ring)
                                p - ring of fire

@: no status effects
A: retaliatory headbutt, horns 2
a: no special abilities


You were on level 6 of the Dungeon.
You were not hungry.

You visited 1 branch of the dungeon, and saw 6 of its levels.

You collected 358 gold pieces.
You donated 30 gold pieces to Zin.

Inventory:

Hand Weapons
 a - a +0 long sword (weapon)
 q - the +7 hunting sling of Punishment {freeze, MP+9 Str-3 Dex+5}
   (You found it on level 4 of the Dungeon)

   It causes projectiles fired from it to freeze those they strike, causing
   extra injury to most foes and up to half again as much damage against
   particularly susceptible opponents.
   They can also slow down cold-blooded creatures.
   It affects your strength (-3).
   It affects your dexterity (+5).
   It affects your magic capacity (+9).
Armour
 b - a +0 scale mail (worn)
 c - a +0 shield (worn)
 n - a +0 pair of boots (worn)
 s - a +0 cloak (worn)
Jewellery
 e - an amulet of magic regeneration (around neck)
 p - a ring of fire (left hand)
 u - an uncursed amulet of faith {unknown}
Scrolls
 h - 2 scrolls of teleportation
 i - a scroll of fog {unknown}
 j - 5 scrolls of remove curse
 l - 2 scrolls of recharging
 m - 7 scrolls of identify
 o - a scroll of magic mapping {unknown}
 t - a scroll of noise {unknown}
 v - a scroll of immolation {unknown}
 x - a scroll of enchant armour {unknown}
Potions
 d - 3 potions of might
 k - a potion of curing
 w - a potion of mutation {unknown}
Comestibles
 f - 3 bread rations
 g - 6 meat rations
 r - a beef jerky


   Skills:
 + Level 5.7 Fighting
 * Level 8.9 Long Blades
 + Level 6.8 Armour
 - Level 0.2 Dodging
 + Level 6.6 Shields


You had 7 spell levels left.
You didn't know any spells.

Dungeon Overview and Level Annotations

Branches:
Dungeon (6/15)
 Temple: D:4-7

Altars:
Ashenzari
Kikubaaqudgha
Nemelex Xobeh
Qazlal
Zin
The Shining One


Innate Abilities, Weirdness & Mutations

You reflexively headbutt those who attack you in melee.
You have a pair of horns on your head.


Message History

The ogre hits you with a giant spiked club.
A hound comes into view.
The hound barks!
The ogre barely misses you. The ogre barely misses you.
You furiously retaliate!
You headbutt the ogre.
You riposte.
You hit the ogre.
The ogre is moderately wounded.
The ogre closely misses you.
You riposte.
You slash the ogre! Your headbutt misses the ogre.
The ogre is severely wounded.
The hound bites you but does no damage. You block the ogre's attack.
The hound barely misses you. You furiously retaliate!
You headbutt the hound! The hound closely misses you. You furiously retaliate!
You headbutt the hound, but do no damage.
The ogre hits you with a giant spiked club!
* * * LOW HITPOINT WARNING * * *
You block the hound's attack. x2
The hound bites you but does no damage.
The ogre hits you with a giant spiked club!!
You die...

.....$#....####### #+# #.#
.....)#♣.........# #.# #.#
...... ♣P...####.# #.# #.#
......#♣♣......#.###.#######
#.# . #.PP.................#
#.# #♣.......#.#.....###.#
#.# ♣PP..#####.##...####.##
#.# .
♣♣...#####O###.####...###.#
...#♣PP......h@# #.#
#........# ...#.....#######
#.# ##...##### ...#.....##
#.# ##.## ...#PPPP))# #.#
### ...#♣P♣...# #.# ♣♣PP.##
#.# ♣.♣..# #.# ♣....# ......


You could see an ogre and a hound.

Vanquished Creatures
  An ice beast (D:5)
  3 ogres
  4 centaurs
  2 scorpions (D:5)
  A crimson imp (D:6)
  6 hounds
  A jelly (D:5)
  2 orc priests
  An iguana (D:4)
  4 orc wizards
  2 hound zombies (D:5)
  2 gnolls (D:6)
  5 adders
  An adder skeleton (D:5)
  3 worms (D:2)
  6 leopard geckos
  18 orcs
  A ball python (D:3)
  10 bats
  2 giant cockroaches
  11 goblins
  10 hobgoblins
  4 jackals
  10 kobolds
  A quokka (D:5)
  5 frilled lizards
  2 leopard gecko skeletons (D:4)
  A quokka skeleton (D:4)
  3 rats
  3 plants (D:6)
125 creatures vanquished.

Vanquished Creatures (others)
  A leopard gecko (D:5)
  5 plants (D:6)
6 creatures vanquished.

Grand Total: 131 creatures vanquished

Notes
Turn   | Place    | Note
-------+----------+-------------------------------------------
     0 | D:1      | valenzione the Minotaur Fighter began the quest for the Orb.
     0 | D:1      | Reached XP level 1. HP: 19/19 MP: 0/0
   105 | D:1      | Reached XP level 2. HP: 27/27 MP: 1/1
   303 | D:1      | Found a sparkling altar of Nemelex Xobeh.
   515 | D:1      | Reached XP level 3. HP: 33/33 MP: 2/2
   856 | D:2      | Reached skill level 3 in Long Blades
   926 | D:2      | Reached XP level 4. HP: 41/41 MP: 3/3
  1347 | D:3      | Found an ancient bone altar of Kikubaaqudgha.
  1833 | D:3      | Reached skill level 4 in Long Blades
  1980 | D:4      | Reached XP level 5. HP: 37/47 MP: 4/4
  2418 | D:4      | Got a translucent hunting sling
  2419 | D:4      | Identified the +7 hunting sling of Punishment {freeze, MP+9 Str-3 Dex+5} (You found it on level 4 of the Dungeon)
  2990 | D:5      | Entered Level 5 of the Dungeon
  2997 | D:5      | Reached skill level 5 in Long Blades
  2997 | D:5      | Reached XP level 6. HP: 55/55 MP: 5/5
  3018 | D:5      | Reached skill level 5 in Armour
  3097 | D:5      | Reached skill level 5 in Shields
  3239 | D:5      | Found a glowing golden altar of the Shining One.
  3240 | D:5      | Found a glowing silver altar of Zin.
  3264 | D:5      | Became a worshipper of Zin the Law-Giver
  3264 | D:5      | Reached * piety under Zin
  3274 | D:5      | Fell from the grace of Zin
  3313 | D:5      | Reached skill level 5 in Fighting
  3475 | D:5      | Reached skill level 6 in Long Blades
  3475 | D:5      | Reached XP level 7. HP: 37/61 MP: 6/6
  3906 | D:5      | Found a stormy altar of Qazlal.
  4020 | D:6      | Found a shattered altar of Ashenzari.
  4028 | D:6      | Reached skill level 7 in Long Blades
  4286 | D:6      | Reached XP level 8. HP: 42/69 MP: 7/7
  4312 | D:6      | Reached skill level 8 in Long Blades
  4830 | D:6      | Slain by an ogre

Skill      XL: |  1  2  3  4  5  6  7  8 |
---------------+-------------------------+-----
Fighting       | 4 5 |  5.7
Armour         | 4 5 6 |  6.8
Shields        | 4 5 6 |  6.6
Long Blades    | 3 4 5 6 7 8 |  8.9
Dodging        | |  0.2

Action                   |  1- 3 |  4- 6 |  7- 9 || total
-------------------------+-------+-------+-------++-------
Melee: Long sword        |    66 |   185 |   174 ||   425
       Headbutt          |    11 |    31 |    40 ||    82
Invok: Renounce Religion |       |     1 |       ||     1
  Use: Potion            |     2 |     2 |     4 ||     8
       Scroll            |       |       |     3 ||     3
  Eat: Bread ration      |       |     2 |     1 ||     3
Armor: Scale mail        |    33 |   104 |    50 ||   187
Dodge: Dodged            |    20 |    58 |    40 ||   118
Block: Shield            |    37 |    85 |    73 ||   195
       Rpst.: Long sword |     6 |    16 |    10 ||    32
